 Dungeon Crawl Stone Soup version 0.22.1-1-ga44c0e5 (webtiles) character file.

42 DiademB the Vandal (level 3, 0/24 HPs)
             Began as a Halfling Hunter on Nov 10, 2018.
             Slain by a worm (11 damage)
             ... on level 2 of the Dungeon.
             The game lasted 00:10:50 (908 turns).

DiademB the Vandal (Halfling Hunter)                 Turns: 908, Time: 00:10:51

Health: 0/24       AC:  3    Str: 13    XL:     3   Next: 80%
Magic:  3/3        EV: 15    Int:  9    God:
Gold:   110        SH:  0    Dex: 15    Spells: 2/2 levels left

rFire    . . .     SeeInvis .   b - +0 short sword
rCold    + . .     Gourm    .   (shield restricted)
rNeg     . . .     Faith    .   c - +0 leather armour
rPois    .         Spirit   .   (no helmet)
rElec    .         Reflect  .   (no cloak)
rCorr    .         Harm     .   (no gloves)
MR       .....                  (no boots)
Stlth    ++........             (no amulet)
HPRegen  0.08/turn              e - ring of protection from cold
MPRegen  0.08/turn              (no ring)

@: no status effects
A: small, mutation resistance 1
a: no special abilities


You were on level 2 of the Dungeon.
You were not hungry.

You visited 1 branch of the dungeon, and saw 2 of its levels.

You collected 110 gold pieces.

Inventory:

Hand Weapons
 a - a +1 hunting sling
 b - a +0 short sword (weapon)
 h - a cursed -2 club
 j - a +0 club
 n - a +0 spear
 v - a cursed -2 dagger
Missiles
 d - 13 sling bullets
 i - 19 stones (quivered)
 t - 6 tomahawks
Armour
 c - a +0 leather armour (worn)
 p - a +0 robe
 s - a +0 scale mail
 x - a +0 ring mail
Jewellery
 e - a ring of protection from cold (left hand)
 o - an uncursed ring of positive energy {unknown}
Scrolls
 l - 2 scrolls of noise {unknown}
 m - a scroll of amnesia {unknown}
 w - a scroll of immolation {unknown}
Potions
 g - a potion of might
 k - a potion of ambrosia {unknown}
 q - a potion of mutation {unknown}
 r - a potion of berserk rage {unknown}
 u - a potion of brilliance {unknown}
Comestibles
 f - 2 rations


   Skills:
 + Level 2.0 Fighting
 + Level 0.1 Short Blades
 + Level 7.0 Slings
 + Level 0.7 Armour
 + Level 2.4 Dodging
 + Level 1.1 Stealth


You had 2 spell levels left.
You didn't know any spells.
Your spell library was empty.

Dungeon Overview and Level Annotations

Branches:
Dungeon (2/15)

Altars:


Innate Abilities, Weirdness & Mutations

You are small and have problems with some larger weapons.
You are somewhat resistant to further mutation.


Message History

You throw a stone. The stone hits the worm.
The worm is moderately wounded.
The worm bites you but does no damage.
You hit the worm.
The worm is moderately wounded.
You hit the worm.
The worm is moderately wounded.
The worm barely misses you.
You hit the worm.
The worm is heavily wounded.
The worm closely misses you.
You hit the worm.
The worm is severely wounded.
You hit the worm.
The worm is almost dead.
The worm bites you!
You barely miss the worm.
The worm is almost dead.
The worm bites you!
You die...

...# ###. .## ..## #...
.(# ..# #.##.#.# ..#
##.##.#.# #####
..########.... ..#.....#
........##..####(#.....#
.........#..##(.((.(..(#
................w#.[...#
..########..####@# ..(.#
..# ##.####.# #### ..#
#.....(# ..# #.######
..# #.#. ..# #.# #. #.#
#. ## ##


You could see a worm.

Vanquished Creatures
  An adder (D:2)
  A worm (D:2)
  2 dart slugs
  A leopard gecko (D:1)
  A giant cockroach (D:1)
  2 goblins (D:2)
  2 hobgoblins
  A quokka (D:2)
  4 bats
  7 frilled lizards
  3 kobolds
  6 rats
31 creatures vanquished.

Notes
Turn   | Place    | Note
-------+----------+-------------------------------------------
     0 | D:1      | DiademB the Halfling Hunter began the quest for the Orb.
     0 | D:1      | Reached XP level 1. HP: 14/14 MP: 1/1
    76 | D:1      | Reached skill level 6 in Slings
   142 | D:1      | Reached XP level 2. HP: 17/19 MP: 2/2
   606 | D:2      | Reached XP level 3. HP: 19/24 MP: 3/3
   726 | D:2      | Reached skill level 7 in Slings
   727 | D:2      | HP: 1/24 [poisoned by an adder]
   908 | D:2      | Slain by a worm

Skill      XL: |  1  2  3 |
---------------+----------+-----
Slings         | 6 7 |  7.0
Fighting       | 2 |  2.0
Short Blades   | |  0.1
Armour         | |  0.7
Dodging        | |  2.4
Stealth        | |  1.1

Action                   || total
-------------------------++-------
Melee: Short sword       ||    24
 Fire: Hunting sling     ||    59
Throw: Stone             ||    27
  Use: Potion            ||     2
Armor: Leather armour    ||    13
Dodge: Dodged            ||    69
